 Dungeon Crawl Stone Soup version 0.14-a0-736-g2a71271 (webtiles) character file.

140 Malachi the Ruffian (level 2, -1/23 HPs)
             Began as a Draconian Transmuter on Nov 7, 2013.
             Slain by a hobgoblin
             ... wielding a +1,+0 orcish hand axe
              (7 damage)
             ... on Level 1 of the Dungeon.
             The game lasted 00:01:54 (1463 turns).

Malachi the Ruffian (Draconian Transmuter)          Turns: 1463, Time: 00:01:54

HP  -1/23        AC  6     Str 12      XL: 2   Next: 82%
MP   3/3         EV 12     Int 13      God:
Gold 115         SH  0     Dex 11      Spells:  2 memorised,  2 levels left

Res.Fire  : . . .   See Invis. : .     - Unarmed
Res.Cold  : . . .   Warding    : .   (armour unavailable)
Life Prot.: + . .   Conserve   : .   (no shield)
Res.Poison: .       Res.Corr.  : .   (helmet restricted)
Res.Elec. : .       Clarity    : .   (no cloak)
Sust.Abil.: . .     Spirit.Shd : .   (no gloves)
Res.Mut.  : .       Stasis     : .   (no boots)
Res.Rott. : .       Flight     : .   (no amulet)
Saprovore : . . .                    m - ring of positive energy
                                     g - +2 ring of protection

@: not resistant to hostile enchantments, unstealthy
A: unfitting armour, AC +4
a: no special abilities


You were on level 1 of the Dungeon.
You were not hungry.

You visited 1 branch of the dungeon, and saw 2 of its levels.

You collected 115 gold pieces.

Inventory:

Missiles
 b - 12 arrows
Comestibles
 a - 4 bread rations
 i - a rotting chunk of giant cockroach flesh
 l - 2 apples
 n - a pear
 o - a meat ration
Scrolls
 c - 2 scrolls of fear {unknown}
 e - a scroll of identify
 h - 3 scrolls of enchant weapon II {unknown}
 k - a scroll of noise {unknown}
Jewellery
 g - a +2 ring of protection (left hand)
 m - a ring of positive energy (right hand)
Potions
 f - a potion of cure mutation {unknown}
 j - 2 potions of curing {unknown}
Books
 d - a book of Changes

   Spells                             Type                      Level
   *Beastly Appendage                 Transmutation                1
   *Sticks to Snakes                  Transmutation                2
   Spider Form                        Transmutation/Poison         3
   Ice Form                           Ice/Transmutation            4
   Blade Hands                        Transmutation                5


   Skills:
 + Level 1.2 Fighting
 + Level 2.2 Dodging
 + Level 0.2 Stealth
 * Level 3.5 Unarmed Combat
 - Level 2.0 Spellcasting
 * Level 2.1 Transmutations


You had 2 spell levels left.
You knew the following spells:

 Your Spells              Type           Power        Failure   Level  Hunger
a - Beastly Appendage     Trmt           #.....       12%         1    ##.....
b - Sticks to Snakes      Trmt           #.........   17%         2    ###....


Dungeon Overview and Level Annotations

Branches:
Dungeon (2/27)

Altars:

Annotations:
D:2 Ijyb


Message History

The hobgoblin is heavily wounded.
The hobgoblin hits you with an orcish hand axe.
You hit the hobgoblin but do no damage.
The hobgoblin is heavily wounded.
The hobgoblin hits you but does no damage.
You hit the hobgoblin but do no damage.
The hobgoblin is heavily wounded.
The hobgoblin hits you with an orcish hand axe!
You hit the hobgoblin but do no damage.
You tail-slap the hobgoblin, but do no damage.
The hobgoblin is heavily wounded.
The hobgoblin hits you with an orcish hand axe.
* * * LOW HITPOINT WARNING * * *
You are too injured to fight recklessly!
You are too injured to fight recklessly!
You are too injured to fight recklessly!
You hit the hobgoblin but do no damage.
The hobgoblin is heavily wounded.
The hobgoblin hits you with an orcish hand axe!
You die...

..####.P≈≈≈≈≈≈≈P........##.#
........P≈≈≈≈≈P...#####.##.#
..)......P≈≈≈P....# #.##.# ##
######....P≈P.....# #.##.# #.
...........P......# #....# #.
######............# ###.########.
...##......<......###.........##.
.........)......g.....#.##.##.##.
##.##......P....@.#####.##.##.#..
..........P≈P...........##.......
##.......P≈≈≈P...#########..#.#..
.####...P≈≈≈≈≈P..#########..#.##.
.####..P≈≈≈≈≈≈≈P............#.##.
......P≈≈≈≈≈≈≈≈≈P#########.##.##.
......####################.##.##.
#####.# #....>.............##.###
# #.# #####################.#


You could see a hobgoblin.

Vanquished Creatures
  5 goblins (D:1)
  2 hobgoblins (D:2)
  2 bats
  4 giant cockroaches
  A giant newt (D:1)
  7 jackals
  A kobold (D:1)
  A rat (D:1)
23 creatures vanquished.

Notes
Turn   | Place    | Note
--------------------------------------------------------------
     0 | D:1      | Malachi, the Draconian Transmuter, began the quest for the Orb.
     0 | D:1      | Reached XP level 1. HP: 16/16 MP: 1/1
   424 | D:1      | Reached XP level 2. HP: 1/23 MP: 0/3
  1212 | D:2      | Noticed Ijyb
  1263 | D:1      | Learned a level 2 spell: Sticks to Snakes
  1463 | D:1      | Slain by a hobgoblin

Action                   || total
-------------------------++-------
Melee: Unarmed           ||   139
 Cast: Beastly Appendage ||     2
  Use: Scroll            ||     1
